 Dungeon Crawl Stone Soup version 0.27-a0-1177-g245c70e1c0 (webtiles) character file.

Game seed: 12456673700167537515

966 mhtbhm the Chopper (level 8, -4/48 HPs)
             Began as a Gargoyle Fighter on May 16, 2021.
             Was an Initiate of Okawaru.
             Slain by Harold
             ... wielding a +0 dire flail of holy wrath
              (11 damage)
             ... on level 7 of the Dungeon.
             The game lasted 00:06:13 (4180 turns).

mhtbhm the Chopper (Gargoyle Fighter)               Turns: 4180, Time: 00:06:14

Health: -4/48      AC: 12    Str: 23    XL:     8   Next: 15%
Magic:  17/17      EV:  8    Int: 14    God:    Okawaru [......]
Gold:   204        SH: 10    Dex:  9    Spells: 7/7 levels left

rFire    + + .     SeeInvis .   a - +0 war axe
rCold    + + .     Faith    .   c - +0 kite shield
rNeg     + . .     Spirit   .   b - +0 scale mail
rPois    ∞         Reflect  .   (no helmet)
rElec    +         Harm     .   j - scarf {rC+ rF+}
rCorr    +         Rampage  .   (no gloves)
Will     .....                  (no boots)
Stlth    ..........             (no amulet)
HPRegen  0.16/turn              g - ring of magical power
MPRegen  0.15/turn              m - +6 ring of intelligence

@: resistant, marked, flying
A: sickness immunity, AC +5, negative energy resistance 1, electricity
resistance, torment resistance 1, petrification resistance
a: Renounce Religion


You were on level 7 of the Dungeon.
You worshipped Okawaru.
Okawaru was noncommittal.
You visited 1 branch of the dungeon, and saw 5 of its levels.

You collected 204 gold pieces.

Inventory:

Hand Weapons
 a - a +0 war axe (weapon)
Missiles
 i - a curare-tipped dart (quivered)
Armour
 b - a +0 scale mail (worn)
 c - a +0 kite shield (worn)
 j - a scarf of resistance (worn)
Jewellery
 g - a ring of magical power (left hand)
 m - a +6 ring of intelligence (right hand)
Scrolls
 k - 2 scrolls of magic mapping
 l - a scroll of fear
 n - a scroll of amnesia
 o - a scroll of acquirement {unknown}
 q - 2 scrolls of teleportation {unknown}
Potions
 d - a potion of brilliance
 h - a potion of cancellation
 r - a potion of flight


   Skills:
 + Level 4.5 Fighting
 + Level 6.1 Axes
 + Level 4.8 Armour
 + Level 1.7 Dodging
 + Level 1.8 Stealth
 + Level 5.1 Shields


You had 7 spell levels left.
You didn't know any spells.
Your spell library contained the following spells:

 Spells                   Type           Power      Damage    Failure   Level
 Confusing Touch          Hex            0%         N/A       100%        3
 Gell's Gravitas          Tloc           0%         N/A       100%        3
 Petrify                  Tmut/Erth      0%         N/A       100%        4
 Metabolic Englaciation   Hex/Ice        0%         N/A       100%        5
 Yara's Violent Unravell  Hex/Tmut       0%         3d3       100%        5


Dungeon Overview and Level Annotations

Branches:
Dungeon (4/15)             Temple (0/1) D:4

Altars:
Makhleb
Okawaru
Qazlal
Ru
Sif Muna
Xom

Annotations:
D:7 Harold


Innate Abilities, Weirdness & Mutations

You are immune to sickness and miasma.
Your stone body is resilient. (AC +5)
You are immune to poison.
You resist negative energy. (rN+)
You are resistant to electric shocks. (rElec)
You are resistant to unholy torment.
You are immune to petrification.


Message History

You are too injured to fight recklessly!
You are too injured to fight recklessly!
You are too injured to fight recklessly!
You are too injured to fight recklessly!
You are too injured to fight recklessly!
You are too injured to fight recklessly!
You are too injured to fight recklessly!
You are too injured to fight recklessly!
Unknown command.
It was a potion of flight.
You feel very buoyant.
You fly up into the air.
Harold says, "I was hoping my final job would be more of a challenge, but money is money."
You block Harold's attack.
You feel better. Harold barely misses you.
Unknown command.
It was a potion of resistance.
You feel protected.
Harold hits you with a +0 dire flail of holy wrath!
It was a potion of heal wounds.
You feel much better. You block Harold's attack.
You slash Harold!
Harold is moderately wounded.
Harold hits you with a +0 dire flail of holy wrath.
Harold hits you but does no damage.
You slash Harold!
Harold is moderately wounded.
Harold barely misses you.
You barely miss Harold.
Harold is moderately wounded.
You block Harold's attack.
You barely miss Harold.
Harold is moderately wounded.
Harold hits you with a +0 dire flail of holy wrath!!
Harold hits you with a +0 dire flail of holy wrath!
* * * LOW HITPOINT WARNING * * *
Your shield prevents you from hitting Harold.
Harold is moderately wounded.
Harold hits you with a +0 dire flail of holy wrath!
You die...

#...# #. #...........##
##..#.
$##.###............#
......
...................#####
######
........................
........................
........................
........######......####
.......(....##......#
.......@....##<.....#
.......@....##^.....#
............##......#
..###.......######### .
#.......# #.......#
#.......# #.......#


You could see Harold.

Vanquished Creatures
  A centaur (D:7)
  3 necrophages
  2 phantoms
  A kobold brigand (D:7)
  A bullfrog (D:7)
  A scorpion (D:4)
  A jelly (D:4)
  A howler monkey (D:4)
  A centaur zombie (D:7)
  A hound (D:4)
  Jessica (D:2)
  A howler monkey skeleton (D:7)
  3 adders
  An adder skeleton (D:4)
  3 dart slugs
  2 orcs (D:4)
  7 ball pythons
  9 bats
  4 endoplasms
  4 giant cockroaches
  7 goblins
  2 hobgoblins (D:3)
  4 jackals (D:1)
  12 kobolds
  2 quokkas
  7 frilled lizards
  8 rats
90 creatures vanquished.

Vanquished Creatures (others)
  4 plants (D:1)
4 creatures vanquished.

Grand Total: 94 creatures vanquished

Notes
Turn   | Place    | Note
-------+----------+-------------------------------------------
     0 | D:1      | mhtbhm the Gargoyle Fighter began the quest for the Orb.
     0 | D:1      | Reached XP level 1. HP: 14/14 MP: 1/1
    71 | D:1      | Reached XP level 2. HP: 19/19 MP: 2/2
   397 | D:1      | Reached skill level 2 in Axes
   598 | D:1      | Reached XP level 3. HP: 24/24 MP: 3/3
  1318 | D:2      | Found a stormy altar of Qazlal.
  1346 | D:2      | Noticed Jessica
  1360 | D:2      | Killed Jessica
  1361 | D:2      | Reached XP level 4. HP: 15/29 MP: 4/4
  1647 | D:2      | Found a faded altar of an unknown god.
  1781 | D:2      | Became a worshipper of Sif Muna the Loreminder
  1781 | D:2      | Reached * piety under Sif Muna
  2316 | D:3      | Noticed a necrophage
  2326 | D:3      | Killed a necrophage
  2327 | D:3      | Reached skill level 3 in Axes
  2327 | D:3      | Reached XP level 5. HP: 30/33 MP: 5/5
  2439 | D:3      | Found a shadowy altar of Dithmenos.
  2442 | D:3      | Found a sparkling altar of Nemelex Xobeh.
  2442 | D:3      | Found a shimmering altar of Xom.
  2444 | D:3      | Found a shimmering blue altar of Sif Muna.
  2444 | D:3      | Found an opulent altar of Gozag.
  2444 | D:3      | Found a hazy altar of Hepliaklqana.
  2704 | D:4      | Reached skill level 4 in Axes
  2704 | D:4      | Reached skill level 1 in Dodging
  2704 | D:4      | Reached XP level 6. HP: 18/38 MP: 6/6
  3077 | D:4      | Reached ** piety under Sif Muna
  3136 | D:4      | Reached XP level 7. HP: 25/43 MP: 7/7
  3336 | D:4      | Found a burning altar of Makhleb.
  3342 | D:4      | Found an iron altar of Okawaru.
  3375 | D:4      | Reached skill level 5 in Axes
  3416 | D:4      | Fell from the grace of Sif Muna
  3416 | D:4      | Became a worshipper of Warmaster Okawaru
  3449 | D:4      | Found a staircase to the Ecumenical Temple.
  3571 | D:4      | Found a sacrificial altar of Ru.
  3682 | D:4      | You fall into a shaft and drop 3 floors!
  3696 | D:7      | Reached skill level 1 in Stealth
  3918 | D:7      | Reached skill level 6 in Axes
  3918 | D:7      | Reached skill level 5 in Shields
  3918 | D:7      | Reached XP level 8. HP: 47/48 MP: 8/8
  4164 | D:7      | Noticed Harold
  4180 | D:7      | Slain by Harold

Illustrated notes

Levels and vault maps discovered:
D:1:      dpeg_arrival_ternary, layout_rooms, serial_forest,
          infiniplex_forest_clump_cross, infiniplex_forest_fountain,
          infiniplex_forest_zigzag_1, infiniplex_forest_end_double,
          infiniplex_forest_lined_room_, infiniplex_forest_lined_3,
          infiniplex_forest_lined_3, infiniplex_forest_lined_2,
          hangedman_decor_growths, kennysheep_pointless_box,
          palyth_stone_intersect, grunt_decor_cap
D:2:      layout_rooms, basic_altar,
          hellmonk_ecumenical_altar_pennies_from_heaven, uniq_jessica
D:3:      layout_basic, doesnt_xom_only_xom, chequers_serial_rivers_room_b
D:4:      layout_basic, minitemple, nicolae_ru_great_annihilating_truth,
          minmay_temple_entry_fiery, ebering_dispersal_statue_hall
D:7:      layout_basic, minmay_hollow_rounded_squares, uniq_harold

Skill      XL: |  1  2  3  4  5  6  7 |
---------------+----------------------+-----
Axes           | 2 3 4 6 |  6.1
Armour         | 4 |  4.8
Shields        | 4 5 |  5.1
Dodging        | 1 |  1.7
Fighting       | 4 |  4.5
Stealth        | 1 |  1.8

Action                   |  1- 3 |  4- 6 |  7- 9 || total
-------------------------+-------+-------+-------++-------
Melee: War axe           |   124 |   110 |    86 ||   320
  Use: Scroll            |     1 |     5 |     1 ||     7
       Potion            |     1 |       |     4 ||     5
 Stab: Paralysed         |       |       |     2 ||     2
       Invisible         |       |       |     1 ||     1
Armor: Scale mail        |    76 |    53 |    40 ||   169
Dodge: Dodged            |    33 |    40 |    29 ||   102
Block: Kite shield       |    78 |    46 |    50 ||   174

Table legend: (Time is in decaauts)
 A = Elapsed time spent in this place.
 B = Non-inter-level travel time spent in this place.
 C = Inter-level travel time spent in this place.
 D = Time resting spent in this place.
 E = Time spent auto-exploring this place.
 F = Levels seen in this place.
 G = Mean time per level.
                   A        B        C        D        E       F      G
               +--------+--------+--------+--------+--------+-----+--------+
         Total |   4356 |   4327 |     29 |    454 |   2783 |   5 |  871.2 |
       Dungeon |   4356 |   4327 |     29 |    454 |   2783 |   5 |  871.2 |
               +--------+--------+--------+--------+--------+-----+--------+

Top non-repeatable levels by time:
     D:1: 1147 daAuts
     D:4: 1092 daAuts
     D:3: 848 daAuts
     D:2: 745 daAuts
     D:7: 523 daAuts
